 Dungeon Crawl Stone Soup version 0.30.1-3-gfc49f6343a (webtiles) character file.

Game seed: 12750696732346336217

10194 croobank the Conjurer (level 11, -11/83 HPs)
             Began as a Demonspawn Conjurer on Aug 4, 2023.
             Was an Initiate of Gozag.
             Mangled by Urug
             ... wielding a +3 scimitar of holy wrath
              (14 damage)
             ... on level 10 of the Dungeon.
             The game lasted 00:34:48 (8790 turns).

croobank the Conjurer (Demonspawn Conjurer)         Turns: 8790, Time: 00:34:48

Health: -11/83     AC: 12    Str:  8    XL:     11   Next: 33%
Magic:  16/20      EV: 19    Int: 24    God:    Gozag
Gold:   1425       SH:  0    Dex: 11    Spells: 13/23 levels left

rFire   + . .        H - +2 short sword (speed)
rCold   . . .        (no shield)
rNeg    . . .        k - +2 robe {rF+}
rPois   .            y - +2 hat {SInv}
rElec   .            j - +2 cloak {rCorr}
rCorr   +            (no gloves)
SInv    +            (no boots)
Will    .....        i - amulet of regeneration
Stlth   +++          c - +4 ring of slaying
HPRegen 1.13/turn    s - +5 ring of evasion
MPRegen 0.17/turn

%: no passive effects
@: no status effects
A: hooves 2, molten scales 2, powered by death 2, powered by pain 1
a: Renounce Religion, Potion Petition, Call Merchant, Bribe Branch


You were on level 10 of the Dungeon.
You worshipped Gozag.
Gozag was most pleased with you.
You visited 2 branches of the dungeon, and saw 11 of its levels.

You collected 1484 gold pieces.
You paid 59 gold pieces to Gozag.

Inventory:

Hand Weapons
 b - a +0 shortbow
 f - a +1 scythe of flaming
 r - a +0 dagger of venom
 w - a +2 quarterstaff of chaos
 C - a +2 war axe of flaming
 H - a +2 short sword of speed (weapon)
 K - a +2 scimitar
 O - the +3 Elemental Staff {rElec rF+ rC+ AC+3}
   (You acquired it on level 8 of the Dungeon)

   It enhances your fire, ice, earth and air magic.
   AC:        It affects your AC (+3).
   rF:        It protects you from fire.
   rC:        It protects you from cold.
   rElec:     It insulates you from electricity.
 R - a +4 dagger of distortion
Missiles
 e - 33 poisoned darts (quivered)
 A - 4 javelins
Armour
 j - a +2 cloak of preservation (worn)
 k - a +2 robe of fire resistance (worn)
 y - a +2 hat of see invisible (worn)
 E - +0 steam dragon scales
Magical Staves
 N - a staff of earth
Jewellery
 c - a +4 ring of slaying (left hand)
 h - a ring of magical power
 i - an amulet of regeneration (around neck)
 n - a +6 ring of strength
 s - a +5 ring of evasion (right hand)
 F - an amulet of the acrobat
Wands
 M - a wand of polymorph (9)
 T - a wand of iceblast (2)
 U - a wand of paralysis (2)
Scrolls
 a - a scroll of fear
 g - a scroll of identify
 t - 2 scrolls of immolation
 v - 2 scrolls of magic mapping
 z - 3 scrolls of enchant armour
 B - 2 scrolls of amnesia
 G - a scroll of blinking
 L - a scroll of teleportation
 Q - a scroll of fog {unknown}
 S - 3 scrolls of vulnerability
Potions
 d - 2 potions of magic
 l - 4 potions of haste
 m - a potion of mutation
 o - a potion of heal wounds
 p - 3 potions of curing
 q - 2 potions of invisibility
 u - 2 potions of ambrosia
 x - a potion of flight
 D - 4 potions of attraction
 I - a potion of brilliance
 J - 2 potions of lignification
 P - 2 potions of cancellation


   Skills:
 + Level 6.6 Fighting
 * Level 3.2 Staves
 + Level 6.4 Dodging
 + Level 7.0 Stealth
 + Level 6.5 Spellcasting
 + Level 7.8 Conjurations
 - Level 6.0 Hexes
 - Level 6.0 Translocations


You had 13 spell levels left.
You knew the following spells:

 Your Spells              Type           Power      Damage    Failure   Level
a - Magic Dart            Conj           100%       1d8       1%          1
b - Searing Ray           Conj           90%        2d7       1%          2
c - Dazzling Flash        Conj/Hex       82%        N/A       1%          3
d - Iskenderun's Mystic   Conj/Tloc      41%        2d9       4%          4

Your spell library contained the following spells:

 Spells                   Type           Power      Damage    Failure   Level
 Lesser Beckoning         Tloc           72%        N/A       1%          2
 Gell's Gravitas          Tloc           36%        N/A       1%          3
 Teleport Other           Tloc           36%        N/A       1%          3
 Hailstorm                Conj/Ice       26%        3d7       4%          3
 Fulminant Prism          Conj/Hex       20%        3d12      4%          4
 Ice Form                 Ice/Tmut       7%         N/A       58%         4
 Simulacrum               Ice/Necr       Unusable   N/A       N/A         6

Dungeon Overview and Level Annotations

Branches:
Dungeon (10/15)            Temple (1/1) D:5            Lair (0/5) D:9
    Orc: D:9-12

Altars:
Dithmenos
Gozag
Hepliaklqana
Kikubaaqudgha
Makhleb
Nemelex Xobeh
Okawaru
Ru
Sif Muna
Trog
Uskayaw
Vehumet
Yredelemnul

Annotations:
D:10 Urug


Innate Abilities, Weirdness & Mutations

You have hoof-like feet.
You are mostly covered in molten scales. (AC +3)
You regenerate health from kills.
You sometimes gain a little power by taking damage.


Message History

Urug is dazzled.
You puncture Urug! You kick Urug, but do no damage.
Urug is moderately wounded.
Urug barely misses you.
You hit Urug. You kick Urug, but do no damage. You punch Urug.
Urug is moderately wounded.
Urug hits you with a +3 scimitar of holy wrath!!
You convulse.
You barely miss Urug. You kick Urug, but do no damage.
Urug is moderately wounded.
You strike the helpless Urug from behind!
You hit Urug. You kick Urug, but do no damage.
Urug is moderately wounded.
You closely miss Urug. Your kick misses Urug.
Urug is moderately wounded.
You barely miss Urug. You kick Urug, but do no damage.
Urug is moderately wounded.
You hit Urug but do no damage. You kick Urug, but do no damage.
Urug is moderately wounded.
Urug hits you with a +3 scimitar of holy wrath!
You convulse.
You barely miss Urug. You kick Urug, but do no damage.
Urug is moderately wounded.
You hit Urug but do no damage. Your kick misses Urug.
Urug is moderately wounded.
You hit Urug but do no damage.
Urug is moderately wounded.
Urug hits you with a +3 scimitar of holy wrath!!
You convulse!!
* * * LOW HITPOINT WARNING * * *
You focus on the pain.
You feel your power returning.
Casting: Dazzling Flash (safe; 1% risk of failure)
Confirm with . or Enter, or press ? or * to list all spells.
You erupt in a blast of force!
The mystic blast hits Urug but does no damage.
Urug is moderately wounded.
Urug is no longer blind.
Urug hits you with a +3 scimitar of holy wrath!
You die...
Your body crumbles into a pile of gold.

#######################
.....................#
#..........#######..#
#..........# #..#
#......$...# #..#
#...@o.....# #..#
#..........# #..#
#..........# #..#
#..........# #..#
#..........# #..#
#..........# #..# #..#
#..........# #..# #(.#
#..........# #..# #..#
#..........# #..#


You could see Urug.

Vanquished Creatures
  Gastronok (D:9)
  A deep elf pyromancer (D:9)
  A cyclops (D:7)
  Maurice (D:9)
  An unseen horror (D:10)
  Joseph (D:9)
  Maggie (D:7)
  Psyche (D:8)
  3 trolls (D:9)
  Prince Ribbit (D:5)
  Sigmund (D:2)
  A shadow (D:9)
  11 yaks
  A wyvern (D:7)
  A steam dragon (D:8)
  Menkaure (D:5)
  A water moccasin (D:7)
  2 acid dragons
  3 black bears
  3 ice beasts
  2 orc warriors
  An ogre (D:4)
  3 centaurs
  2 phantoms
  3 bullfrogs
  3 gnoll sergeants (D:7)
  3 scorpions
  5 wights (D:7)
  4 killer bees (D:8)
  3 howler monkeys
  3 hounds
  2 jellies
  Crazy Yiuf (D:3)
  4 orc priests
  2 gnoll boudas (D:7)
  A sleepcap (D:2)
  Terence (D:3)
  4 iguanas
  Natasha (thrice) (D:2)
  7 orc wizards
  14 gnolls
  7 adders
  A shadow imp (D:7)
  A white imp (D:5)
  An ufetubus (D:6)
  3 worms
  A dart slug (D:4)
  33 orcs
  7 ball pythons
  2 endoplasms
  A giant cockroach (D:3)
  6 goblins
  7 hobgoblins
  4 jackals
  11 quokkas
  2 bats
  2 frilled lizards (D:1)
  A kobold (D:1)
  10 rats
208 creatures vanquished.

Notes
Turn   | Place    | Note
-------+----------+-------------------------------------------
     0 | D:1      | croobank the Demonspawn Conjurer began the quest for the
                  | Orb.
     0 | D:1      | Reached XP level 1. HP: 13/13 MP: 3/3
   254 | D:1      | Gained mutation: You have large cloven feet. [demonic
                  | ancestry]
   254 | D:1      | Reached XP level 2. HP: 20/20 MP: 5/5
   673 | D:2      | Noticed Natasha
   683 | D:2      | Killed Natasha
   684 | D:2      | Reached skill level 1 in Fighting
   684 | D:2      | Gained mutation: You regenerate a little health from kills.
                  | [demonic ancestry]
   684 | D:2      | Reached XP level 3. HP: 10/26 MP: 0/6
   687 | D:2      | Learned a level 2 spell: Searing Ray
   716 | D:2      | Noticed Natasha
   730 | D:2      | Killed Natasha
   731 | D:2      | Gained mutation: You regenerate health from kills. [demonic
                  | ancestry]
   731 | D:2      | Reached XP level 4. HP: 20/32 MP: 0/7
   824 | D:2      | Noticed Sigmund
   828 | D:2      | Found a shadowy altar of Dithmenos.
   846 | D:2      | Killed Sigmund
   847 | D:2      | Reached XP level 5. HP: 13/38 MP: 2/9
  1296 | D:2      | Gained mutation: You are partially covered in molten
                  | scales. (AC +2) [demonic ancestry]
  1296 | D:2      | Reached XP level 6. HP: 37/46 MP: 4/10
  1475 | D:2      | Noticed Natasha
  1481 | D:2      | Killed Natasha
  1813 | D:3      | Found a faded altar of an unknown god.
  1914 | D:3      | Found a sacrificial altar of Ru.
  2105 | D:3      | Found a sparkling altar of Nemelex Xobeh.
  2210 | D:3      | Found a runed translucent door.
  2211 | D:3      | Noticed Crazy Yiuf
  2408 | D:3      | Noticed Terence
  2416 | D:3      | Killed Terence
  2417 | D:3      | Reached skill level 5 in Conjurations
  2640 | D:3      | Killed Crazy Yiuf
  2849 | D:4      | Noticed an ice beast
  2865 | D:4      | Killed an ice beast
  2866 | D:4      | Gained mutation: You have hoof-like feet. [demonic
                  | ancestry]
  2866 | D:4      | Reached XP level 7. HP: 26/52 MP: 12/12
  3521 | D:4      | Found a bloodstained altar of Trog.
  3772 | D:5      | Entered Level 5 of the Dungeon
  3857 | D:5      | Noticed Prince Ribbit
  4001 | D:4      | Gained mutation: You sometimes gain a little power by
                  | taking damage. [demonic ancestry]
  4001 | D:4      | Reached XP level 8. HP: 60/60 MP: 14/14
  4010 | D:5      | Learned a level 3 spell: Dazzling Flash
  4059 | D:5      | Noticed Menkaure
  4072 | D:5      | Killed Menkaure
  4101 | D:5      | Found a staircase to the Ecumenical Temple.
  4135 | Temple   | Entered the Ecumenical Temple
  4153 | Temple   | Became a worshipper of Gozag Ym Sagoz the Greedy
  4200 | D:5      | Killed Prince Ribbit
  4542 | D:5      | Reached skill level 5 in Stealth
  4780 | D:6      | Learned a level 4 spell: Iskenderun's Mystic Blast
  4873 | D:6      | Identified a scroll of acquirement
  4873 | D:6      | Acquired a +5 ring of evasion
  4998 | D:6      | Reached skill level 1 in Hexes
  4998 | D:6      | Reached skill level 1 in Translocations
  5120 | D:6      | Found an iron altar of Okawaru.
  5147 | D:6      | Reached XP level 9. HP: 67/67 MP: 16/16
  5168 | D:6      | Reached skill level 5 in Spellcasting
  5431 | D:6      | Reached skill level 5 in Dodging
  5504 | D:6      | Reached skill level 5 in Fighting
  6018 | D:7      | Noticed Maggie
  6031 | D:7      | Killed Maggie
  6247 | D:7      | Noticed a cyclops
  6264 | D:7      | Killed a cyclops
  6265 | D:7      | Gained mutation: You are mostly covered in molten scales.
                  | (AC +3) [demonic ancestry]
  6265 | D:7      | Reached XP level 10. HP: 43/75 MP: 16/18
  6961 | D:8      | Reached skill level 5 in Hexes
  7460 | D:8      | Acquired the +3 Elemental Staff {rElec rF+ rC+ AC+3}
  7460 | D:8      | Found the +3 Elemental Staff {rElec rF+ rC+ AC+3}
  7509 | D:8      | Noticed Psyche
  7524 | D:8      | Killed Psyche
  7794 | D:9      | Noticed Gastronok
  7823 | D:9      | Killed Gastronok
  7824 | D:9      | Reached skill level 1 in Staves
  7824 | D:9      | Reached skill level 5 in Translocations
  8033 | D:9      | Noticed Maurice
  8033 | D:9      | Noticed Joseph
  8043 | D:9      | Killed Joseph
  8046 | D:9      | Reached XP level 11. HP: 82/82 MP: 20/20
  8046 | D:9      | Noticed a deep elf pyromancer
  8064 | D:9      | Killed Maurice
  8069 | D:9      | Killed a deep elf pyromancer
  8136 | D:10     | Entered Level 10 of the Dungeon
  8312 | D:9      | Found a staircase to the Lair.
  8772 | D:10     | Noticed Urug
  8789 | D:10     | HP: 2/83 [Urug/+3 scimitar of holy wrath (28)]
  8790 | D:10     | Mangled by Urug

Illustrated notes

Levels and vault maps discovered:
D:1:      ldierk_walled_garden_2, layout_loops_ring
D:2:      layout_basic, minmay_hexomino_r4, uniq_sigmund, uniq_natasha
D:3:      layout_loops_corners, mainiacjoe_overflow_tiny_flanked,
          nicolae_ru_great_annihilating_truth,
          shapermc_ecumenical_altar_starsandcircs, kennysheep_generic_room_14,
          uniq_crazy_yiuf_cottage, uniq_terence
D:4:      layout_loops_corners, trog_butcher_becter
D:5:      layout_gridville, minmay_temple_entry_proselytizer, uniq_menkaure,
          uniq_prince_ribbit1
D:6:      layout_cave_pools, mainiacjoe_overflow_concentric_impassable
D:7:      layout_cave_pools, serial_gnoll_camp, gnoll_camp_huts_basic,
          gnoll_camp_mini_hut, gnoll_camp_mini_loothouse, gnoll_camp_mini_hut,
          gnoll_camp_mini_hut, uniq_maggie
D:8:      layout_basic, uniq_psyche
D:9:      layout_roguey, lair_entry_dummy, minmay_microvault, uniq_maurice,
          uniq_gastronok, uniq_joseph
D:10:     layout_long_grid, mainiacjoe_overflow_alcove_2,
          ebering_ghost_inner_flame, chequers_decorated_corner,
          nicolae_blasting_shop, uniq_grum, uniq_urug
Temple:   nicolae_temple_bog_church

Skill      XL: |  1  2  3  4  5  6  7  8  9 10 11 |
---------------+----------------------------------+-----
Stealth        | 2 3 4 5 6 7 |  7.0
Dodging        | 2 3 4 5 6 |  6.4
Fighting       | 1 2 3 4 5 6 |  6.6
Spellcasting   | 3 4 5 6 |  6.5
Conjurations   | 5 6 7 |  7.8
Hexes          | 1 4 5 6 |  6.0
Translocations | 1 3 5 6 |  6.0
Staves         | 2 3 |  3.2

Action                     |  1- 3 |  4- 6 |  7- 9 | 10-12 || total
---------------------------+-------+-------+-------+-------++-------
  Melee: Short sword       |    26 |    18 |       |    78 ||   122
         Kick              |     5 |    25 |   121 |    69 ||   220
         Dagger            |       |    54 |   341 |    49 ||   444
         Punch             |       |     1 |     9 |     2 ||    12
         Staff             |       |       |       |    28 ||    28
         Unarmed           |       |       |       |    18 ||    18
   Fire: Shortbow          |       |       |     3 |       ||     3
  Throw: Dart              |       |       |    27 |     5 ||    32
   Cast: Magic Dart        |    13 |     1 |     2 |    16 ||    32
         Searing Ray       |     1 |    11 |       |    17 ||    29
         Iskenderun's Myst |       |       |     4 |    12 ||    16
         Dazzling Flash    |       |       |     1 |    11 ||    12
  Evoke: Wand              |       |       |     4 |     2 ||     6
    Use: Potion            |       |     2 |     1 |     3 ||     6
         Scroll            |       |       |    19 |     9 ||    28
   Stab: Sleeping          |     3 |     3 |    11 |     3 ||    20
         Paralysed         |       |     1 |       |       ||     1
         Invisible         |       |       |       |     2 ||     2
         Distracted        |       |       |       |     1 ||     1
         Confused          |       |       |       |     1 ||     1
 Armour: Robe              |     3 |    19 |   101 |    47 ||   170
         Skin              |       |       |       |     3 ||     3
  Dodge: Dodged            |    20 |    41 |   302 |   160 ||   523
